 Dungeon Crawl Stone Soup version 0.30.0 (webtiles) character file.

Game seed: 1720918128579999740

1057 BillyBaka the Sneak (level 8, -2/36 HPs)
             Began as a Vine Stalker Brigand on May 6, 2023.
             Was a Follower of Hepliaklqana.
             Killed by nerve-wracking pain
             ... invoked by Grinder
              (9 damage)
             ... on level 5 of the Dungeon.
             The game lasted 00:23:17 (4175 turns).

BillyBaka the Sneak (Vine Stalker Brigand)          Turns: 4175, Time: 00:23:18

Health: -2/36      AC:  7    Str: 13    XL:     8   Next: 27%
Magic:  0/9        EV: 13    Int: 11    God:    Hepliaklqana [*.....]
Gold:   281        SH:  0    Dex: 19    Spells: 7/7 levels left

rFire   . . .        k - +0 short sword (freeze)
rCold   . . .        (no shield)
rNeg    . . .        b - +0 robe
rPois   .            w - +1 hat
rElec   .            c - +0 cloak
rCorr   .            (no gloves)
SInv    .            m - +2 pair of boots
Will    +....        (no amulet)
Stlth   ++++         (no ring)
HPRegen 1.06/turn    (no ring)
MPRegen 0.11/turn

%: guardian spirit
@: no status effects
A: reduced essence, fangs 3, regeneration 1, magic shield, antimagic bite, no
potion heal 2
a: Renounce Religion, Recall Ancestor, Ancestor Identity


You were on level 5 of the Dungeon.
You worshipped Hepliaklqana.
Hepliaklqana was aware of your devotion.
You visited 1 branch of the dungeon, and saw 5 of its levels.

You collected 281 gold pieces.

Inventory:

Hand Weapons
 k - a +0 short sword of freezing (weapon)
Missiles
 d - 5 poisoned darts
 e - 8 curare-tipped darts (quivered)
 n - 2 boomerangs
Armour
 b - a +0 robe (worn)
 c - a +0 cloak (worn)
 m - a +2 pair of boots (worn)
 w - a +1 hat (worn)
Jewellery
 j - a ring of fire
Scrolls
 a - 2 scrolls of blinking {unknown}
 f - 3 scrolls of teleportation
 i - 3 scrolls of noise {unknown}
 l - 2 scrolls of vulnerability {unknown}
 p - a scroll of magic mapping {unknown}
 q - 5 scrolls of identify {unknown}
 r - 3 scrolls of immolation {unknown}
 s - 2 scrolls of enchant weapon {unknown}
 u - a scroll of poison {unknown}
Potions
 g - 2 potions of cancellation {unknown}
 h - 2 potions of haste {unknown}
 o - 2 potions of curing
 t - 2 potions of heal wounds {unknown}
 v - a potion of might {unknown}


   Skills:
 + Level 3.0 Fighting
 * Level 5.6 Short Blades
 - Level 3.8 Throwing
 * Level 2.2 Armour
 + Level 2.3 Dodging
 * Level 6.6 Stealth


You had 7 spell levels left.
You didn't know any spells.
Your spell library contained the following spells:

 Spells                   Type           Power      Damage    Failure   Level
 Summon Forest            Summ/Tloc      0%         N/A       100%        5
 Summon Mana Viper        Hex/Summ       0%         N/A       100%        5
 Summon Cactus Giant      Summ           0%         N/A       100%        6


Dungeon Overview and Level Annotations

Branches:
Dungeon (5/15)
 Temple: D:4-7

Altars:
Gozag
Hepliaklqana
Kikubaaqudgha
Makhleb
Vehumet
Yredelemnul
Zin

Annotations:
D:5 Grinder


Innate Abilities, Weirdness & Mutations

Your life essence is reduced to manifest your ancestor. (-10% HP)
You have razor-sharp teeth.
Your natural rate of healing is unusually fast.
When hurt, damage is shared between your health and your magic reserves.
Your bite disrupts and absorbs the magic of your enemies.
Potions cannot restore your health.


Message History

You closely miss Grinder.
Grinder is lightly wounded.
Grinder blinks!
You swap places.
Grinder grins, showing sharp teeth.
Grinder blinks!
Grinder hits Yayatum.
Yayatum closely misses Grinder.
Yayatum hits Grinder but does no damage.
Grinder gestures at you. You resist with significant effort.
Yayatum hits Grinder!
Grinder gestures at you.
You suddenly lose the ability to move!
Yayatum hits Grinder but does no damage.
Grinder hits you!
You writhe in agony.
Yayatum barely misses Grinder.
You can move again.
You barely miss Grinder. You bite Grinder.
Grinder's magic leaks into the air.
You drain her magic.
You feel invigorated.
Grinder is heavily wounded.
Grinder hits you.
You writhe in agony.
You hit Grinder but do no damage. Your bite misses Grinder.
Grinder is heavily wounded.
Yayatum hits Grinder but does no damage.
You completely miss Grinder. You bite Grinder, but do no damage.
Grinder is heavily wounded.
Grinder's magic is no longer disrupted.
Grinder gestures at you. Pain shoots through your body!
Yayatum hits Grinder.
You hit Grinder. You bite Grinder, but do no damage.
Grinder is severely wounded.
Grinder barely misses you.
Yayatum barely misses Grinder.
You hit Grinder. Your bite misses Grinder.
Grinder is severely wounded.
A phantom comes into view.
Grinder gestures at you. Pain shoots through your body!
* * * LOW HITPOINT WARNING * * *
Yayatum barely misses Grinder.
Grinder gestures at you. Pain shoots through your body!
You die...

#W..#. .# #.... .# #####
#...# .# ###...## # #...#
.# .......# #.###...#.#.#
###....# ........ .#
.##....#.####.R#####.#
.##....#......5.@....#
.......####..############
##.....#...........^....#
#.....#.#.############.#
#.....#.........# #.#
#..##.##..#####.# #.#
##..#.....# #.#
##....##.# #.#
###..##.##### #.#########


You could see the friendly Yayatum the ancestor and Grinder (ally target).

Vanquished Creatures
  Prince Ribbit (D:5)
  Menkaure (D:4)
  Edmund (D:4)
  A scorpion (D:4)
  A howler monkey (D:4)
  5 hounds
  An orc priest (D:5)
  2 orc wizards (D:5)
  Natasha (twice) (D:2)
  8 gnolls
  8 adders
  An ufetubus (D:4)
  4 worms
  A dart slug (D:5)
  9 orcs
  3 bats
  2 endoplasms
  4 giant cockroaches
  5 hobgoblins
  3 jackals (D:2)
  4 quokkas
  8 ball pythons
  3 frilled lizards
  7 goblins
  8 kobolds
  5 rats
98 creatures vanquished.

Vanquished Creatures (others)
  A plant (D:2)
1 creature vanquished.

Grand Total: 99 creatures vanquished

Notes
Turn   | Place    | Note
-------+----------+-------------------------------------------
     0 | D:1      | BillyBaka the Vine Stalker Brigand began the quest for the
                  | Orb.
     0 | D:1      | Reached XP level 1. HP: 11/11 MP: 2/2
    74 | D:1      | Reached skill level 5 in Stealth
    82 | D:1      | Reached XP level 2. HP: 15/15 MP: 3/3
   772 | D:2      | Reached XP level 3. HP: 18/18 MP: 4/4
  1019 | D:2      | Gained mutation: Your natural rate of healing is unusually
                  | fast. [Vine Stalker growth]
  1019 | D:2      | Reached XP level 4. HP: 18/23 MP: 5/5
  1077 | D:2      | Found a faded altar of an unknown god.
  1089 | D:2      | Reached skill level 1 in Dodging
  1281 | D:2      | Noticed Natasha
  1295 | D:2      | Killed Natasha
  1296 | D:2      | Reached XP level 5. HP: 25/26 MP: 4/6
  1598 | D:2      | Noticed Natasha
  1612 | D:2      | Killed Natasha
  1989 | D:3      | Found an ancient bone altar of Kikubaaqudgha.
  2486 | D:4      | Reached skill level 6 in Stealth
  2486 | D:4      | Reached XP level 6. HP: 30/30 MP: 7/7
  2638 | D:4      | Noticed Menkaure
  2646 | D:4      | Killed Menkaure
  2647 | D:4      | Reached skill level 1 in Armour
  2647 | D:4      | Reached XP level 7. HP: 33/35 MP: 8/8
  2655 | D:4      | Noticed Edmund
  2671 | D:4      | Killed Edmund
  2763 | D:4      | Found a hazy altar of Hepliaklqana.
  2769 | D:4      | Became a worshipper of Hepliaklqana the Forgotten
  2783 | D:4      | Found a burning altar of Makhleb.
  3256 | D:4      | Reached skill level 5 in Short Blades
  3279 | D:4      | Found a glowing silver altar of Zin.
  3283 | D:4      | Found a basalt altar of Yredelemnul.
  3301 | D:5      | Entered Level 5 of the Dungeon
  3718 | D:5      | Found an opulent altar of Gozag.
  3756 | D:5      | Noticed Prince Ribbit
  3780 | D:5      | Killed Prince Ribbit
  3781 | D:5      | Gained mutation: You have razor-sharp teeth. [Vine Stalker
                  | growth]
  3781 | D:5      | Reached XP level 8. HP: 14/40 MP: 6/9
  3921 | D:5      | Found a radiant altar of Vehumet.
  3949 | D:5      | Reached * piety under Hepliaklqana
  4134 | D:5      | Noticed Grinder
  4152 | D:5      | Paralysed by Grinder for 5 turns
  4168 | D:5      | Paralysed by Grinder for 2 turns
  4175 | D:5      | Killed from afar by Grinder

Illustrated notes

Levels and vault maps discovered:
D:1:      dpeg_arrival_shrine, layout_rooms
D:2:      layout_basic, chequers_ecumenical_altar_lobes, uniq_natasha
D:3:      layout_basic, mainiacjoe_overflow_brackets, grunt_ministairs_1,
          chequers_serial_rivers_micro_a, hangedman_decor_points
D:4:      layout_basic, nzn_hepliaklqana_mist_gate,
          nicolae_overflow_hidden_temple, minmay_circle_x, uniq_edmund,
          uniq_menkaure
D:5:      layout_basic, nicolae_vehumet_altar_sigil,
          nicolae_gozag_cash_rules_everything_around_me,
          nicolae_shop_i_like_small_books_too, minmay_misc_feat_tiny,
          uniq_crazy_yiuf_cottage, uniq_prince_ribbit1, uniq_grinder

Skill      XL: |  1  2  3  4  5  6  7 |
---------------+----------------------+-----
Stealth        | 5 6 |  6.6
Short Blades   | 2 3 4 5 |  5.6
Throwing       | 2 3 |  3.8
Fighting       | 2 3 |  3.0
Dodging        | 1 2 |  2.3
Armour         | 1 2 |  2.2

Action                     |  1- 3 |  4- 6 |  7- 9 || total
---------------------------+-------+-------+-------++-------
  Melee: Dagger            |    33 |       |       ||    33
         Bite              |    23 |    37 |    32 ||    92
         Punch             |     3 |     1 |     3 ||     7
         Short sword       |    40 |   121 |    92 ||   253
  Throw: Dart              |    20 |    32 |    24 ||    76
         Boomerang         |       |    19 |    11 ||    30
    Use: Scroll            |       |     1 |       ||     1
   Stab: Sleeping          |     5 |     1 |       ||     6
 Armour: Robe              |    11 |    26 |    10 ||    47
  Dodge: Dodged            |    26 |    80 |    30 ||   136
